[Event "ICC tourney 1980 (3 2)"]
[Site "Internet Chess Club"]
[Date "2020.08.28"]
[Round "5"]
[White "Goran21"]
[Black "MrNormalName"]
[Result "0-1"]
[ICCResult "White checkmated"]
[WhiteElo "2077"]
[BlackElo "1933"]
[Opening "Ruy Lopez: Berlin defense, open variation"]
[ECO "C67"]
[NIC "RL.07"]
[Time "20:52:45"]
[TimeControl "180+2"]

1. e4 e5 2. Nf3 Nc6 3. Bb5 Nf6 4. O-O Nxe4 5. Re1 Nd6 6. Nxe5 Be7 7. Nc3
Nxb5 8. Nd5 O-O 9. Nxc6 dxc6 10. Nxe7+ Kh8 11. a4 Nd6 12. Nxc8 Rxc8 13. d3
Re8 14. Bd2 Rxe1+ 15. Qxe1 Qh4 16. Qe3 b6 17. b3 Re8 18. Qf3 Qd4 19. Rc1 Qd5
20. Qg3 Qe5 21. Qf3 c5 22. h3 h6 23. Re1 Qf6 24. Qxf6 Rxe1+ 25. Bxe1 gxf6
26. Bc3 Kg7 27. Kf1 Kg6 28. Ke2 Kf5 29. Ke3 h5 30. f3 Ne8 31. g4+ hxg4 32.
hxg4+ Ke6 33. f4 f5 34. g5 c6 35. Be5 Nd6 36. c4 Nc8 37. d4 cxd4+ 38. Bxd4
a6 39. c5 b5 40. Bf6 Kd5 41. axb5 cxb5 42. Bd4 Ne7 43. Kd3 a5 44. Bg7 Ng6
45. Ke3 Kxc5 46. Bc3 a4 47. bxa4 bxa4 48. Bf6 Kc4 49. Bb2 Ne7 50. Ba3 Nd5+
51. Kf3 Kb3 52. Bc5 a3 53. g6 fxg6 54. Bxa3 Kxa3 55. Kg3 Kb4 56. Kh4 Nxf4
57. Kg5 Ne6+ 58. Kxg6 f4 59. Kf5 f3 60. Ke4 f2 61. Ke3 f1=Q 62. Kd2 Qf3 63.
Ke1 Qg2 64. Kd1 Kc3 65. Ke1 Kd3 66. Kd1 Qg1# {White checkmated} 0-1

[Event "ICC tourney 1980 (3 2)"]
[Site "Internet Chess Club"]
[Date "2020.08.28"]
[Round "5"]
[White "Venom2020"]
[Black "tactics321"]
[Result "0-1"]
[ICCResult "White forfeits on time"]
[WhiteElo "1882"]
[BlackElo "2192"]
[Opening "Sicilian: Sozin, Benkö variation"]
[ECO "B57"]
[NIC "SI.25"]
[Time "20:51:55"]
[TimeControl "180+2"]

1. e4 c5 2. Nf3 Nc6 3. d4 cxd4 4. Nxd4 Nf6 5. Nc3 d6 6. Bc4 Qb6 7. Nb3 e6 8.
Be3 Qc7 9. Be2 a6 10. a4 Be7 11. O-O b6 12. f4 Bb7 13. Qe1 Nb4 14. Bd3 d5
15. exd5 Nxd3 16. cxd3 Nxd5 17. Nxd5 Bxd5 18. Rc1 Qb7 19. Qc3 O-O 20. Qc7
Qxc7 21. Rxc7 Bd6 22. Rd7 Rfd8 23. Rxd8+ Rxd8 24. Nd2 Rc8 25. Nc4 Bxc4 26.
Rc1 b5 27. axb5 axb5 28. b3 Ba3 29. Rc2 Bc5 30. Bxc5 Bxb3 31. Rc3 Bd5 32.
Bd4 Ra8 33. Rc2 b4 34. Kf2 b3 35. Rb2 f6 36. g3 Kf7 37. Ke3 Kg6 38. h3 h5
39. g4 hxg4 40. hxg4 Rh8 41. Rf2 Rh3+ 42. Kd2 Rg3 43. f5+ Kf7 44. g5 Rxg5
45. fxe6+ Bxe6 46. Kc3 Ra5 47. Rg2 g5 48. Rf2 f5 49. Bb6 Rb5 50. Be3 f4 51.
Bxf4 gxf4 52. Rxf4+ Ke7 53. Rf2 Kd6 54. Re2 Bd5 55. Rh2 Rc5+ 56. Kb2 Ra5 57.
Kc3 Ra1 58. Rh6+ Be6 59. Rh2 Kc5 60. Rh5+ Bd5 61. d4+ Kd6 62. Rh6+ Be6 63.
Rh2 Rb1 64. Rg2 Re1 65. Rh2 Kc6 66. Rg2 Kb5 67. Rg5+ Ka4 68. d5 Rc1+ 69. Kb2
Rc2+ 70. Kb1 Bd7 71. Re5 Ka3 {White forfeits on time} 0-1

[Event "ICC tourney 1980 (3 2)"]
[Site "Internet Chess Club"]
[Date "2020.08.28"]
[Round "6"]
[White "harkerchess"]
[Black "Goran21"]
[Result "0-1"]
[ICCResult "White resigns"]
[WhiteElo "1410"]
[BlackElo "2078"]
[Opening "Trompowsky attack (Ruth, Opocenský opening)"]
[ECO "A45"]
[NIC "QP.07"]
[Time "21:03:49"]
[TimeControl "180+2"]

1. d4 Nf6 2. Bg5 Ne4 3. Bf4 g5 4. Bc1 h6 5. f3 Nf6 6. h4 gxh4 7. e4 d6 8.
Nc3 Nbd7 9. Be3 e5 10. Qd2 Nh5 11. O-O-O Ng3 12. Rh2 c6 13. dxe5 Nxf1 14.
Rxf1 dxe5 15. Rd1 Bb4 16. a3 Be7 17. Bd4 Qc7 18. Be3 Nb6 19. Qe2 Be6 20.
Bxb6 Qxb6 21. Nh3 Rd8 22. Rxd8+ Kxd8 23. Nf2 Kc8 24. Rh1 Rg8 25. Nd3 f6 26.
Na4 Qd4 27. Nc3 Bxa3 28. Nb1 Bf8 29. Rxh4 Bc4 30. Rxh6 Bxh6+ {White resigns}
0-1

[Event "ICC tourney 1980 (3 2)"]
[Site "Internet Chess Club"]
[Date "2020.08.28"]
[Round "6"]
[White "kralj8"]
[Black "rjc64uk"]
[Result "1-0"]
[ICCResult "Black checkmated"]
[WhiteElo "1581"]
[BlackElo "1543"]
[Opening "French: Steinitz, Boleslavsky variation"]
[ECO "C11"]
[NIC "FR.04"]
[Time "21:03:58"]
[TimeControl "180+2"]

1. e4 e6 2. d4 d5 3. Nc3 Nf6 4. e5 Nfd7 5. f4 c5 6. Nf3 Nc6 7. Be3 a6 8. Qd2
b5 9. Nd1 Bb7 10. Bd3 Qb6 11. c3 Be7 12. O-O O-O 13. f5 Nd8 14. f6 gxf6 15.
Bh6 Re8 16. Qf2 Kh8 17. Qh4 fxe5 18. Bg7+ Kxg7 19. Qxh7+ Kf6 20. Ng5+ Kxg5
21. h4+ Kg4 22. Ne3+ Kg3 23. Rf3# {Black checkmated} 1-0

[Event "ICC tourney 1980 (3 2)"]
[Site "Internet Chess Club"]
[Date "2020.08.28"]
[Round "6"]
[White "JosephLevine"]
[Black "Zwish"]
[Result "1-0"]
[ICCResult "Black resigns"]
[WhiteElo "1702"]
[BlackElo "1264"]
[Opening "Sicilian defense"]
[ECO "B40"]
[NIC "SI.43"]
[Time "21:03:51"]
[TimeControl "180+2"]

1. e4 c5 2. Nf3 e6 3. d3 Nc6 4. g3 d5 5. Nbd2 d4 6. Bg2 g6 7. O-O Bg7 8. Re1
Nge7 9. e5 O-O 10. a4 b6 11. Ne4 Qc7 12. Bf4 Bd7 13. Nf6+ Kh8 14. Ng5 Nd5
15. Nxd5 exd5 16. e6 Qd8 17. Nxf7+ Rxf7 18. exf7 Bf5 19. Re8+ Qxe8 20.
fxe8=Q+ Rxe8 21. Bxd5 Nb4 22. Bf3 h6 23. Bg4 Bxg4 24. Qxg4 g5 25. Bd2 Nxc2
26. Rc1 Nb4 27. Bxb4 cxb4 {Black resigns} 1-0

[Event "ICC tourney 1980 (3 2)"]
[Site "Internet Chess Club"]
[Date "2020.08.28"]
[Round "6"]
[White "GGuseinov"]
[Black "jx4"]
[Result "1-0"]
[ICCResult "Black resigns"]
[WhiteElo "2950"]
[BlackElo "1844"]
[Opening "Sicilian: Kan, 5.Nc3"]
[ECO "B43"]
[NIC "SI.44"]
[Time "21:03:47"]
[TimeControl "180+2"]

1. e4 c5 2. Nc3 e6 3. Nf3 a6 4. d4 cxd4 5. Nxd4 Qc7 6. g3 Nf6 7. Bg2 Be7 8.
O-O O-O 9. Be3 Nc6 10. f4 d6 11. Kh1 Rb8 12. a3 Bd7 13. Nb3 b5 14. g4 Rfd8
15. g5 Ne8 16. Qh5 g6 17. Qh6 Bf8 18. Qh4 b4 19. Nd1 bxa3 20. bxa3 d5 21. e5
Ne7 22. Nd4 Ng7 23. Qe1 Nef5 24. Nf2 Bc5 25. c3 Qa7 26. Ng4 Nxd4 27. cxd4
Bxd4 28. Nf6+ Kf8 29. Bd2 Bxa1 30. Bb4+ {Black resigns} 1-0

[Event "ICC tourney 1980 (3 2)"]
[Site "Internet Chess Club"]
[Date "2020.08.28"]
[Round "6"]
[White "ivo20"]
[Black "ConnorGo"]
[Result "1-0"]
[ICCResult "Black checkmated"]
[WhiteElo "1243"]
[BlackElo "1284"]
[Opening "Sicilian defense"]
[ECO "B20"]
[NIC "SI.48"]
[Time "21:04:40"]
[TimeControl "180+2"]

1. e4 c5 2. h3 Nc6 3. a3 a6 4. Bd3 e5 5. c3 Nf6 6. Bc2 c4 7. Nf3 Bc5 8. O-O
O-O 9. d3 cxd3 10. Bxd3 d5 11. Be3 Bxe3 12. fxe3 dxe4 13. Nxe5 Nxe5 14. Bc2
Qb6 15. Qc1 Nd3 16. Bxd3 exd3 17. Nd2 Qd6 18. Qe1 Nh5 19. Rf3 Qg6 20. Qf2 b5
21. Rf1 Be6 22. Ne4 Rad8 23. Ng3 d2 24. Rd1 Nxg3 25. Rxg3 Qh5 26. Rxd2 Rxd2
27. Qxd2 Qe5 28. Rf3 Qg5 29. Qd6 Bd5 30. Rg3 Qf5 31. Kh2 Be4 32. Qd4 Re8 33.
Qxg7# {Black checkmated} 1-0

[Event "ICC tourney 1980 (3 2)"]
[Site "Internet Chess Club"]
[Date "2020.08.28"]
[Round "6"]
[White "TheHidingBishop"]
[Black "LChessMaster"]
[Result "0-1"]
[ICCResult "White resigns"]
[WhiteElo "1545"]
[BlackElo "1584"]
[Opening "Dutch defense, Rubinstein variation"]
[ECO "A40"]
[NIC "QO.17"]
[Time "21:03:49"]
[TimeControl "180+2"]

1. d4 e6 2. c4 f5 3. Nc3 Nf6 4. g3 Bb4 5. Bg2 Bxc3+ 6. bxc3 O-O 7. Nf3 Ne4
8. Qc2 b6 9. Nd2 d5 10. cxd5 exd5 11. O-O Bb7 12. a4 a5 13. Ba3 Re8 14. Rae1
Nd7 15. f3 Nxd2 16. Qxd2 Ba6 17. Rf2 Nf6 18. h4 Qd7 19. Bh3 Qxa4 20. Bb2 Qd7
21. Qg5 Qb5 22. Ba1 h6 23. Qxf5 Bc8 24. Qg6 Bxh3 25. e4 Qd7 26. e5 Bf5
{White resigns}
0-1

[Event "ICC tourney 1980 (3 2)"]
[Site "Internet Chess Club"]
[Date "2020.08.28"]
[Round "6"]
[White "tactics321"]
[Black "tangent"]
[Result "1-0"]
[ICCResult "Black forfeits on time"]
[WhiteElo "2197"]
[BlackElo "1900"]
[Opening "Queen's Indian: Nimzovich variation (exaggerated fianchetto)"]
[ECO "E15"]
[NIC "QI.05"]
[Time "21:03:45"]
[TimeControl "180+2"]

1. d4 Nf6 2. c4 e6 3. Nf3 b6 4. g3 Ba6 5. Qc2 c5 6. d5 exd5 7. cxd5 d6 8.
Bg2 g6 9. Nc3 Bg7 10. O-O O-O 11. Rd1 Nbd7 12. a4 Re8 13. Bf4 Bf8 14. e4 Ne5
15. Nxe5 dxe5 16. Be3 Bc8 17. f3 Bd7 18. Bf1 a6 19. Qb3 Qc7 20. Nb1 Rec8 21.
Na3 Ne8 22. Rac1 Nd6 23. a5 Nb5 24. axb6 Qxb6 25. Nc4 Qb8 26. f4 Bg7 27.
fxe5 Bg4 28. Re1 Bxe5 29. Nxe5 Qxe5 30. Bxc5 Nd4 31. Qc3 Nf3+ 32. Kf2 Qxc3
33. Rxc3 Nxe1 34. Kxe1 Rab8 35. b4 a5 36. bxa5 Rb1+ 37. Kf2 Rb2+ 38. Ke3 Ra2
39. a6 Ra5 40. Kd4 Bd7 41. a7 Ra4+ 42. Ke5 Ra5 43. Bb6 {Black forfeits on
time} 1-0

[Event "ICC tourney 1980 (3 2)"]
[Site "Internet Chess Club"]
[Date "2020.08.28"]
[Round "6"]
[White "londonkid"]
[Black "WR3311"]
[Result "1-0"]
[ICCResult "Black resigns"]
[WhiteElo "1858"]
[BlackElo "1607"]
[Opening "Bogo-Indian defense, Grünfeld variation"]
[ECO "E11"]
[NIC "QI.01"]
[Time "21:03:50"]
[TimeControl "180+2"]

1. d4 Nf6 2. c4 e6 3. Nf3 Bb4+ 4. Nbd2 b6 5. g3 Bb7 6. Bg2 d6 7. O-O O-O 8.
Nb3 d5 9. c5 bxc5 10. a3 c4 11. axb4 cxb3 12. Qxb3 Nbd7 13. Bf4 Nb6 14. Rac1
c6 15. Ne5 Rc8 16. Rc3 Nfd7 17. Nd3 Nc4 18. Nc5 Nxc5 19. bxc5 Qd7 20. Ra1 a6
21. h4 Rfe8 22. h5 e5 23. dxe5 Nxe5 24. h6 g6 25. Re3 f6 26. Rd1 Ng4 27.
Rxe8+ Rxe8 28. Bh3 f5 29. Qc3 Qf7 30. f3 Nf6 31. Bg5 Nd7 32. e4 dxe4 33.
fxe4 Rxe4 34. Qd3 Qd5 35. Qxd5+ cxd5 36. Bg2 Rc4 37. Rxd5 Rc1+ 38. Bxc1 Bxd5
39. Bxd5+ Kf8 40. c6 Nb6 41. c7 Ke7 42. Bg8 Kd7 43. Bxh7 Kxc7 44. Bxg6 Nd7
45. Bf4+ {Black resigns} 1-0

[Event "ICC tourney 1980 (3 2)"]
[Site "Internet Chess Club"]
[Date "2020.08.28"]
[Round "6"]
[White "espark"]
[Black "TjkTiger"]
[Result "0-1"]
[ICCResult "White resigns"]
[WhiteElo "1796"]
[BlackElo "2085"]
[Opening "Sicilian: Hungarian variation"]
[ECO "B27"]
[NIC "SI.43"]
[Time "21:03:51"]
[TimeControl "180+2"]

1. e4 c5 2. Nf3 g6 3. d4 cxd4 4. Nxd4 Bg7 5. c4 Qb6 6. Nb3 Qc7 7. Nc3 Bxc3+
8. bxc3 Nf6 9. Bd3 O-O 10. O-O Nc6 11. Bg5 d6 12. f4 Qb6+ 13. Kh1 Ng4 14.
Qe2 Qe3 15. h3 Qxe2 16. Bxe2 Nf6 17. Bxf6 exf6 18. Rad1 Rd8 19. Rd2 Kf8 20.
Rfd1 Ke7 21. c5 dxc5 22. Rxd8 Nxd8 23. Nxc5 Ne6 24. Nd3 Bd7 25. f5 Ng5 26.
Nf4 Nxe4 27. Kg1 Nxc3 28. Re1 Nxe2+ 29. Rxe2+ Kf8 30. fxg6 hxg6 31. Rd2 Bc6
32. Kf2 Re8 33. Rd6 Re5 34. a3 Ra5 35. Rd3 Rf5 36. Kg3 Kg7 37. Rd8 Ra5 38.
Rd3 g5 39. Ne2 Bb5 40. Re3 Bxe2 41. Rxe2 Rxa3+ 42. Kg4 Kg6 43. Rf2 f5+ 44.
Rxf5 Ra4+ 45. Kf3 {White resigns} 0-1

[Event "ICC tourney 1980 (3 2)"]
[Site "Internet Chess Club"]
[Date "2020.08.28"]
[Round "6"]
[White "Joelpaulg"]
[Black "Venom2020"]
[Result "0-1"]
[ICCResult "White checkmated"]
[WhiteElo "1603"]
[BlackElo "1886"]
[Opening "Dutch"]
[ECO "A80"]
[NIC "HD.12"]
[Time "21:03:57"]
[TimeControl "180+2"]

1. d4 f5 2. Nc3 Nf6 3. h3 d5 4. Bg5 e6 5. g4 Be7 6. Bg2 c6 7. gxf5 exf5 8.
Qd2 Ne4 9. Nxe4 fxe4 10. Bf4 Nd7 11. O-O-O Nf6 12. f3 exf3 13. Nxf3 O-O 14.
Ne5 Bf5 15. Rhg1 Kh8 16. Bf3 Ne4 17. Bxe4 Bxe4 18. Kb1 Bf6 19. Rg3 Qe7 20.
Rdg1 c5 21. e3 cxd4 22. exd4 Rac8 23. Rc3 Qe6 24. Rgg3 Bh4 25. Rxc8 Rxc8 26.
Rc3 Bf6 27. Qe3 Kg8 28. a3 a6 29. Qg3 b5 30. Ka2 a5 31. h4 b4 32. Rxc8+ Qxc8
33. c3 Bxe5 34. Bxe5 Qc4+ 35. Ka1 Qf1+ 36. Ka2 Qb1+ 37. Kb3 Qc2+ 38. Ka2 b3+
39. Ka1 Qb1# {White checkmated} 0-1

[Event "ICC tourney 1980 (3 2)"]
[Site "Internet Chess Club"]
[Date "2020.08.28"]
[Round "6"]
[White "MrNormalName"]
[Black "MARMAYOGI11"]
[Result "0-1"]
[ICCResult "White resigns"]
[WhiteElo "1925"]
[BlackElo "1799"]
[Opening "QGD: 3.Nc3"]
[ECO "D31"]
[NIC "QP.08"]
[Time "21:04:26"]
[TimeControl "180+2"]

1. d4 d5 2. c4 e6 3. Nc3 f5 4. Bf4 c6 5. e3 Bd6 6. Bd3 Nf6 7. Nf3 Qe7 8. O-O
O-O 9. Bxd6 Qxd6 10. Qc2 Ne4 11. Ne5 Nd7 12. Nxd7 Bxd7 13. f3 Ng5 14. c5 Qc7
15. e4 Qf4 16. Rae1 e5 17. dxe5 Qxe5 18. exd5 Qd4+ 19. Kh1 Qxc5 20. f4 Ne4
21. Nxe4 Qxc2 22. Bxc2 fxe4 23. Bxe4 Rac8 24. dxc6 Bxc6 25. Bxc6 Rxc6 26.
Re7 Rb6 27. b3 Rf7 28. Rfe1 Rxe7 29. Rxe7 h5 30. g3 Kh7 31. Kg2 Kg6 32. Kf3
Rb4 33. Re6+ Kf5 34. Re5+ Kg6 35. Ra5 a6 36. Rg5+ Kh6 37. Rd5 Kg6 38. Rd6+
Kf7 39. h3 g6 40. g4 hxg4+ 41. hxg4 a5 42. Rd7+ Ke6 43. Rg7 Kf6 44. Rc7 g5
45. fxg5+ Kg6 46. Rg7+ Kxg7 47. a3 Rxb3+ {White resigns} 0-1

[Event "ICC tourney 1980 (3 2)"]
[Site "Internet Chess Club"]
[Date "2020.08.28"]
[Round "6"]
[White "vedanta07"]
[Black "Xuanli28"]
[Result "0-1"]
[ICCResult "White checkmated"]
[WhiteElo "1306"]
[BlackElo "1658"]
[Opening "Sicilian defense"]
[ECO "B20"]
[NIC "SI.48"]
[Time "21:04:06"]
[TimeControl "180+2"]

1. e4 c5 2. b3 d6 3. Bb2 Nf6 4. Bc4 Nxe4 5. Bxf7+ Kxf7 6. Qh5+ g6 7. Qd5+ e6
8. Qxe4 Bg7 9. Qf3+ Kg8 10. Bxg7 Kxg7 11. Ne2 Nc6 12. O-O Rf8 13. Qc3+ e5
14. Na3 a6 15. Nc4 b5 16. Ne3 Ra7 17. a4 Nd4 18. Qd3 b4 19. Nxd4 cxd4 20.
Nc4 Bf5 21. Qg3 Bxc2 22. Rac1 d3 23. Ne3 Bxb3 24. Ng4 Bxa4 25. Qxd3 Qb6 26.
Qh3 h5 27. Ne3 Qd4 28. Ra1 Bb5 29. Rfd1 Raf7 30. f3 Be2 31. Re1 Qxd2 32. Nf1
Qd4+ 33. Kh1 e4 34. Rxe2 exf3 35. gxf3 Qxa1 36. Qe6 Rxf3 37. Qxd6 Rxf1+ 38.
Kg2 Rg1+ 39. Kh3 Qf1+ 40. Kh4 Rf4+ 41. Qxf4 Qxf4+ 42. Kh3 Qg4#
{White checkmated}
0-1

[Event "ICC tourney 1980 (3 2)"]
[Site "Internet Chess Club"]
[Date "2020.08.28"]
[Round "6"]
[White "MasterZachary"]
[Black "helavir"]
[Result "0-1"]
[ICCResult "White resigns"]
[WhiteElo "2192"]
[BlackElo "2242"]
[Opening "Caro-Kann: exchange variation"]
[ECO "B13"]
[NIC "CK.02"]
[Time "21:04:10"]
[TimeControl "180+2"]

1. e4 c6 2. d4 d5 3. exd5 cxd5 4. Bd3 Nf6 5. c3 Bg4 6. Qb3 Qc7 7. Bg5 e6 8.
Nd2 Nc6 9. Ngf3 Be7 10. Bh4 O-O 11. Bg3 Qd7 12. O-O Rfc8 13. Rfe1 a6 14. a4
Bh5 15. Ne5 Nxe5 16. dxe5 Ne8 17. Qc2 Bg6 18. Bxg6 hxg6 19. Qd3 b5 20. axb5
axb5 21. Nf3 Nc7 22. Bf4 b4 23. c4 Qc6 24. cxd5 Nxd5 25. Bg5 Rxa1 26. Rxa1
Bxg5 27. Nxg5 Nf4 28. Qf1 Qc2 29. g3 Nd3 30. Qh3 Qxf2+ 31. Kh1 Rc1+ 32. Rxc1
Nxc1 33. Qg2 Qe1+ 34. Qg1 Qxg1+ 35. Kxg1 Nd3 36. Nf3 Nxb2 37. Kf2 Nc4 38.
Ke2 b3 39. Kd3 b2 40. Kc2 Kf8 41. Nd4 Ke8 42. Nc6 Kd7 43. Nb4 g5 44. Nd3 Kc6
45. Nb4+ Kc5 46. Na6+ Kd4 47. Nb8 Kxe5 48. Nc6+ Kf5 49. h3 e5 50. g4+ Kf4
51. Nd8 e4 52. Nxf7 e3 53. Nd8 e2 54. Ne6+ Ke3 {White resigns} 0-1

[Event "ICC tourney 1980 (3 2)"]
[Site "Internet Chess Club"]
[Date "2020.08.28"]
[Round "6"]
[White "vyomvidy"]
[Black "IndianTerritory"]
[Result "0-1"]
[ICCResult "White checkmated"]
[WhiteElo "1818"]
[BlackElo "1723"]
[Opening "Dunst (Sleipner, Heinrichsen) opening"]
[ECO "A00"]
[NIC "VO.15"]
[Time "21:03:50"]
[TimeControl "180+2"]

1. Nc3 c6 2. d4 d5 3. Bf4 Bf5 4. f3 Nf6 5. g4 Bg6 6. h4 Qb6 7. Na4 Qa5+ 8.
c3 h5 9. g5 Nfd7 10. e3 e5 11. Bg3 b5 12. Nc5 Bxc5 13. dxc5 b4 14. a3 bxc3
15. b4 Qd8 16. Bd3 a5 17. Bxg6 fxg6 18. Ne2 axb4 19. axb4 c2 20. Qc1 Rxa1
21. Qxa1 O-O 22. O-O Qc8 23. Qc3 Qb7 24. Qxc2 Qxb4 25. Qxg6 Qd2 26. Rf2 Qxe3
27. Qxh5 Na6 28. g6 Qh6 29. Qg4 Naxc5 30. f4 Nf6 31. Qf3 Nfe4 32. Rg2 Nxg3
33. Rxg3 exf4 34. Rg4 Ne6 35. Kf2 Rf6 36. Qd3 Nf8 37. h5 Qxh5 38. Rxf4 Qh2+
39. Kf3 Nxg6 40. Rxf6 Ne5+ 41. Ke3 Nxd3 42. Rxc6 Ne5 43. Rc8+ Kf7 44. Rc7+
Ke6 45. Rxg7 Qh6+ 46. Nf4+ Kf5 47. Rg1 Qxf4+ 48. Ke2 Qf3+ 49. Ke1 Nd3+ 50.
Kd2 Nf2 51. Rf1 Ne4+ 52. Ke1 Qxf1+ 53. Kxf1 d4 54. Ke2 Ke5 55. Kd3 Nc5+ 56.
Kc4 Ke4 57. Kb4 d3 58. Kc3 Ke3 59. Kb2 d2 60. Kc2 Ke2 61. Kb2 d1=Q 62. Ka2
Qb3+ 63. Ka1 Qb4 64. Ka2 Na6 65. Ka1 Kd2 66. Ka2 Kc2 67. Ka1 Qb2#
{White checkmated}
0-1

[Event "ICC tourney 1980 (3 2)"]
[Site "Internet Chess Club"]
[Date "2020.08.28"]
[Round "6"]
[White "davika21"]
[Black "steinutz"]
[Result "0-1"]
[ICCResult "White checkmated"]
[WhiteElo "1577"]
[BlackElo "1543"]
[Opening "Scandinavian: Pytel-Wade variation"]
[ECO "B01"]
[NIC "SD.02"]
[Time "21:03:47"]
[TimeControl "180+2"]

1. e4 d5 2. exd5 Qxd5 3. Nc3 Qd6 4. d4 c6 5. Nf3 Nf6 6. Be2 Bf5 7. O-O e6 8.
h3 Be7 9. Be3 Nbd7 10. Nh4 Bg6 11. Bf3 Nd5 12. Bxd5 Bxh4 13. Bf3 Bf6 14. Ne4
Qc7 15. Nxf6+ Nxf6 16. c4 Rd8 17. Qb3 O-O 18. Rfd1 h6 19. Rac1 Rd7 20. d5 c5
21. dxe6 Rxd1+ 22. Rxd1 fxe6 23. Qc3 b6 24. Qd2 Qe5 25. Bf4 Qf5 26. Bg3 Ne4
27. Bxe4 Qxe4 28. Re1 Qxc4 29. b3 Qd5 30. Rd1 Rd8 31. Qxd5 exd5 32. Bc7 Rd7
33. Bb8 d4 34. Kf1 Be4 35. f3 Bc2 36. Rd2 Bb1 37. a3 Kf7 38. Kf2 g6 39. f4
Ke6 40. Be5 g5 41. g3 Be4 42. Re2 Kd5 43. Rd2 a5 44. Kg1 Bh7 45. Kf2 Bg8 46.
Rd1 Ke4 47. Rd2 Bxb3 48. Rb2 c4 49. Ke2 d3+ 50. Kd2 b5 51. Bf6 gxf4 52. gxf4
Kxf4 53. h4 b4 54. axb4 axb4 55. Bh8 c3+ 56. Bxc3 bxc3+ 57. Kxc3 Bc2 58. Kd2
Kg4 59. Rb4+ Kh5 60. Re4 Rg7 61. Rf4 Rg4 62. Rf5+ Kxh4 63. Rf6 h5 64. Rf2
Kg3 65. Rf1 h4 66. Rg1+ Kf3 67. Rf1+ Kg2 68. Re1 h3 69. Re3 h2 70. Re1 Kh3
71. Re3+ Rg3 72. Re8 Kg2 73. Rh8 h1=Q 74. Re8 Qh6+ 75. Kc3 Qc6+ 76. Kd2 Qxe8
77. Kc1 Kf2 78. Kd2 Qe5 79. Kc1 Rg1+ 80. Kd2 Rd1# {White checkmated} 0-1

[Event "ICC tourney 1980 (3 2)"]
[Site "Internet Chess Club"]
[Date "2020.08.28"]
[Round "6"]
[White "Tombstone"]
[Black "BreatheChessAls"]
[Result "1-0"]
[ICCResult "Black resigns"]
[WhiteElo "1623"]
[BlackElo "1538"]
[Opening "Neo-Grünfeld, 6.O-O c6"]
[ECO "D78"]
[NIC "SL.01"]
[Time "21:03:45"]
[TimeControl "180+2"]

1. d4 d5 2. c4 c6 3. Nf3 Nf6 4. g3 g6 5. Bg2 Bg7 6. O-O O-O 7. Nbd2 Nbd7 8.
Qc2 e6 9. e4 dxe4 10. Nxe4 Nxe4 11. Qxe4 Nb6 12. b3 c5 13. Bb2 f5 14. Qe3
cxd4 15. Bxd4 Bxd4 16. Nxd4 Qf6 17. f4 Re8 18. Rfe1 Rb8 19. Rad1 Bd7 20. Nf3
Bc6 21. Ne5 Bxg2 22. Kxg2 Rbd8 23. Rxd8 Rxd8 24. Nf3 Kf7 25. Ng5+ Kg8 26.
Re2 Re8 27. Qe5 Nd7 28. Qxf6 Nxf6 29. Rxe6 Rxe6 30. Nxe6 Ne4 31. b4 Nc3 32.
a3 Nb1 33. a4 Na3 34. c5 Nc2 35. b5 Nb4 36. Nd8 b6 37. c6 Nd5 38. Ne6 h6 39.
c7 Ne7 40. Nd4 Kf7 41. Nc6 Nc8 42. Kf3 Ke6 43. h4 Kd6 44. Ne5 g5 45. hxg5
hxg5 46. Nf7+ Kxc7 47. Nxg5 Nd6 48. Ne6+ Kd7 49. Nd4 Nc4 50. Nxf5 Nb2 51. g4
Nxa4 52. g5 Nc3 53. Nd4 Nd5 54. f5 Ke7 55. Kg4 Kf7 56. Nc6 Ne3+ 57. Kf4 Nd5+
58. Ke5 Nc7 59. Nxa7 Kg7 60. Kd6 Ne8+ 61. Kd7 Kf7 62. Nc8 Ng7 63. Nd6+ Kg8
64. Kc6 Kf8 65. Kxb6 Nh5 66. Kc7 Nf4 67. b6 Nd5+ 68. Kc6 Nxb6 69. Kxb6 Ke7
70. Ne4 Kf7 71. g6+ Kg7 72. Kc6 Kf8 73. Kd6 Kg7 74. Ke6 Kf8 75. f6 Kg8 76.
Ke7 Kh8 77. f7 Kg7 78. f8=Q+ Kxg6 79. Qf6+ Kh7 80. Ng5+ Kg8 81. Qf7+
{Black resigns}
1-0

[Event "ICC tourney 1980 (3 2)"]
[Site "Internet Chess Club"]
[Date "2020.08.28"]
[Round "6"]
[White "dopolian"]
[Black "Aleksandrov73"]
[Result "0-1"]
[ICCResult "White resigns"]
[WhiteElo "2083"]
[BlackElo "2233"]
[Opening "Ruy Lopez: closed, Breyer, Borisenko variation"]
[ECO "C95"]
[NIC "RL.25"]
[Time "21:03:52"]
[TimeControl "180+2"]

1. e4 e5 2. Nf3 Nc6 3. Bb5 a6 4. Ba4 Nf6 5. O-O Be7 6. Re1 b5 7. Bb3 d6 8.
c3 O-O 9. h3 Nb8 10. d4 Nbd7 11. Nbd2 c5 12. a4 Rb8 13. axb5 axb5 14. Nf1
Re8 15. Ng3 Bf8 16. Bg5 h6 17. Be3 Qc7 18. d5 c4 19. Bc2 Nc5 20. Nh2 Bd7 21.
Qf3 Nh7 22. Ng4 b4 23. h4 bxc3 24. bxc3 Rb2 25. Rec1 Reb8 26. Nh5 Nb3 27.
Bxb3 cxb3 28. Qg3 Bxg4 29. Qxg4 g6 30. c4 Rc2 31. Rxc2 bxc2 32. Rc1 Qxc4 33.
Ng3 Rb1 34. Qe2 Qxe2 35. Nxe2 Nf6 36. f3 Nd7 37. Kf2 Rxc1 38. Nxc1 h5 39.
Nd3 f5 40. Nb4 Nf6 41. exf5 gxf5 42. Nxc2 Nxd5 43. Bg5 Kf7 44. Ne1 Be7 45.
Bxe7 Kxe7 46. Nd3 f4 47. Ke2 Ke6 48. Nf2 Ne3 49. Ne4 Nxg2 50. Ng5+ Kd5 51.
Kf2 Nxh4 52. Nh7 Ke6 53. Nf8+ Kf7 54. Nd7 Nf5 55. Nb6 Ke6 56. Nc4 d5 57. Nd2
Ng3 58. Nb3 Kd6 59. Kg2 d4 60. Nc1 Kd5 61. Nd3 Nf5 62. Kf2 Nd6 63. Kg2 Nb7
64. Kf2 Nc5 65. Nb4+ Kd6 66. Ke2 h4 67. Kf2 d3 68. Na2 Kd5 {White resigns}
0-1

[Event "ICC tourney 1980 (3 2)"]
[Site "Internet Chess Club"]
[Date "2020.08.28"]
[Round "6"]
[White "Kokoro"]
[Black "BMWHero"]
[Result "1-0"]
[ICCResult "Black resigns"]
[WhiteElo "1867"]
[BlackElo "2550"]
[Opening "Sicilian: Boleslavsky variation, 7.Nb3"]
[ECO "B59"]
[NIC "SI.25"]
[Time "21:04:42"]
[TimeControl "180+2"]

1. e4 c5 2. Nf3 Nc6 3. Nc3 d6 4. d4 cxd4 5. Nxd4 Nf6 6. Be2 e5 7. Nb3 Be7 8.
Be3 Be6 9. O-O O-O 10. f4 a5 11. a4 Nb4 12. f5 Bd7 13. Bf3 Bc6 14. Qd2 d5
15. exd5 Nfxd5 16. Nxd5 Bxd5 17. Bxd5 Qxd5 18. Qf2 Rfc8 19. Rad1 Qc4 20. Rd7
Bf6 21. Nc5 b6 22. Nb7 Qc6 23. Rfd1 Ra7 24. Nc5 Raa8 25. R1d6 bxc5 26. Rxc6
Nxc6 27. Bxc5 e4 28. c3 Ne5 29. Rd5 Nd3 30. Qe3 Nxb2 31. Qxe4 Re8 32. Qf3
Re1+ 33. Kf2 Rae8 34. Kg3 Nxa4 35. Bf2 R1e4 36. Rxa5 Nxc3 37. Ra7 Ne2+ 38.
Kh3 h5 39. g3 h4 40. Qh5 Rf8 41. Bc5 hxg3 42. hxg3 Rc8 43. Qxf7+ Kh8 44.
Qh5+ Kg8 45. Bf2 Nd4 46. Qf7+ Kh8 47. Qb7 Rce8 48. Ra6 Nxf5 49. Rxf6 gxf6
50. Qf7 Nh6 51. Qg6 Ng4 52. Bd4 R8e6 53. Ba1 Re3 54. Kxg4 R3e4+ 55. Kh3 Re1
56. Bxf6+ Rxf6 57. Qxf6+ Kh7 58. Qf7+ Kh6 59. Qf8+ Kg6 60. Qg8+ Kh6 61. Qf8+
Kg6 62. Qf4 Re6 63. Qg4+ Kf6 64. Qd4+ Kg6 65. Kg4 Rf6 66. Qxf6+ Kxf6 67. Kh5
Kf7 68. g4 Kg7 69. Kg5 Kh7 70. Kf6 Kg8 71. Kg6 Kf8 72. Kh7 Kf7 73. g5
{Black resigns}
1-0

[Event "ICC tourney 1980 (3 2)"]
[Site "Internet Chess Club"]
[Date "2020.08.28"]
[Round "7"]
[White "harkerchess"]
[Black "vyomvidy"]
[Result "1/2-1/2"]
[ICCResult "Game drawn by mutual agreement"]
[WhiteElo "1423"]
[BlackElo "1805"]
[Opening "QGD Slav defense: exchange variation"]
[ECO "D13"]
[NIC "SL.01"]
[Time "21:32:15"]
[TimeControl "180+2"]

1. d4 d5 2. c4 c6 3. cxd5 cxd5 4. Nc3 Nf6 5. Nf3 Nc6 6. Bf4 a6 7. e3 Bf5 8.
a3 e6 9. Bd3 Bxd3 10. Qxd3 Bd6 11. Bxd6 Qxd6 12. O-O
{Game drawn by mutual agreement}
1/2-1/2